 Dungeon Crawl Stone Soup version 0.30-a0-2-gf48d83f5e2 (webtiles) character file.

Game seed: 16848982545934265840

11540 siradein the Fighter (level 11, -2/89 HPs)
             Began as a Demonspawn Fighter on Aug 19, 2022.
             Was a High Priest of Kikubaaqudgha.
             Slain by a minotaur
             ... wielding the +8 demon trident "Rift" {distort, reach+}
              (25 damage)
             ... in a Gauntlet on Aug 20, 2022.
             The game lasted 00:55:13 (11069 turns).

siradein the Fighter (Demonspawn Fighter)          Turns: 11069, Time: 00:55:14

Health: -2/89      AC: 22    Str: 16    XL:     11   Next: 50%
Magic:  13/13      EV: 16    Int: 12    God:    Kikubaaqudgha [*****.]
Gold:   195        SH: 11    Dex: 13    Spells: 7/21 levels left

rFire   + . .      SeeInvis .      - Unarmed
rCold   + . .      Faith    .    Q - +0 kite shield
rNeg    . . .      Spirit   .    H - +2 scale mail {rF+}
rPois   +          Reflect  .    K - +1 hat {Will+}
rElec   .          Harm     .    E - +2 cloak {rPois}
rCorr   .          Rampage  .    (gloves unavailable)
Will    +....      NoTele   +    R - +3 pair of mountain boots {steadfast, rC+}
Stlth   ..........               m - amulet of regeneration
HPRegen 1.04/turn                t - +4 ring of evasion
MPRegen 0.13/turn                N - ring of the Octopus King {Wiz HP+2 AC+2 EV+2 SH+2}

@: mighty, brilliant, unable to read
A: claws 3, molten scales 1, powered by pain 1, spiny 2, dopey 1, [low MP 3],
[inability to read after injury 2]
a: Renounce Religion, Unearth Wretches, Torment


You were in a Gauntlet.
You worshipped Kikubaaqudgha.
Kikubaaqudgha was extremely pleased with you.
You visited 1 branch of the dungeon, and saw 11 of its levels.
You also visited: Sewer, Bailey and Gauntlet.

You collected 859 gold pieces.
You spent 664 gold pieces at shops.

Inventory:

Missiles
 y - a throwing net
Armour
 E - a +2 cloak of poison resistance (worn)
 G - +0 steam dragon scales
 H - a +2 scale mail of fire resistance (worn)
 K - a +1 hat of willpower (worn)
 Q - a +0 kite shield (worn)
 R - the +3 pair of mountain boots (worn) {steadfast, rC+}
   (You found it in a Gauntlet)

   It prevents involuntary movement, except for blinking, teleportation, or
   banishment.
   rC:        It protects you from cold.
Jewellery
 c - the ring "Wubog" {Contam rF- Str+4 Int+6 Dex+9}
   (You found it in a Gauntlet)

   [ring of intelligence]

   Str:       It affects your strength (+4).
   Int:       It affects your intelligence (+6).
   Dex:       It affects your dexterity (+9).
   rF:        It makes you vulnerable to fire.
   Contam:    It causes magical contamination when unequipped.
 m - an amulet of regeneration (around neck)
 t - a +4 ring of evasion (left claw)
 B - a ring of protection from cold
 L - a ring of magical power
 N - a ring of the Octopus King (right claw) {Wiz HP+2 AC+2 EV+2 SH+2}
   (You bought it in a shop on level 6 of the Dungeon)

   [ring of wizardry]

   It improves your spell success rate.
   AC:        It affects your AC (+2).
   EV:        It affects your evasion (+2).
   HP:        It affects your health (+2).
   SH:        It affects your SH (+2).
Wands
 k - a wand of polymorph (9)
 r - a wand of paralysis (29)
 D - a wand of flame (26)
 J - a wand of digging (6)
 O - a wand of mindburst (4)
Scrolls
 a - 2 scrolls of fear {unknown}
 e - 3 scrolls of summoning {unknown}
 f - 3 scrolls of enchant weapon {unknown}
 g - 3 scrolls of immolation
 i - a scroll of vulnerability {unknown}
 j - 4 scrolls of teleportation {unknown}
 l - 3 scrolls of amnesia {unknown}
 o - 2 scrolls of blinking
 w - 4 scrolls of butterflies {unknown}
 F - a scroll of silence {unknown}
 M - a scroll of brand weapon {unknown}
Potions
 b - 3 potions of mutation
 d - 2 potions of might
 h - 3 potions of brilliance
 n - 3 potions of curing
 p - a potion of resistance
 q - 6 potions of flight
 s - 3 potions of heal wounds
 v - 3 potions of degeneration {unknown}
 x - 2 potions of lignification {unknown}
 z - 2 potions of magic {unknown}
 A - 4 potions of haste
 C - 2 potions of cancellation {unknown}
 P - a potion of berserk rage {unknown}
Miscellaneous
 I - a tin of tremorstones (inert)


   Skills:
 + Level 8.5 Fighting
 - Level 2.5 Maces & Flails
 + Level 6.4 Armour
 + Level 5.6 Dodging
 + Level 4.2 Shields
 - Level 6.7 Unarmed Combat
 + Level 5.9 Spellcasting
 + Level 6.8 Necromancy
 + Level 5.8 Transmutations


You had 7 spell levels left.
You knew the following spells:

 Your Spells              Type           Power      Damage    Failure   Level
a - Wereblood             Tmut           26%        N/A       10%         2
b - Beastly Appendage     Tmut           52%        N/A       6%          1
c - Vampiric Draining     Necr           29%        2d8       13%         3
d - Anguish               Hex/Necr       8%         N/A       83%         4
e - Dispel Undead         Necr           29%        3d13      38%         4

Your spell library contained the following spells:

 Spells                   Type           Power      Damage    Failure   Level
 Necrotise                Necr           100%       1d9       4%          1
 Sublimation of Blood     Necr           29%        N/A       6%          2
 Passwall                 Tmut/Erth      12%        N/A       32%         2
 Spider Form              Tmut/Pois      15%        N/A       52%         3
 Ensorcelled Hibernation  Hex/Ice        10%        N/A       69%         2
 Agony                    Necr           29%        N/A       71%         5
 Dazzling Flash           Conj/Hex       10%        N/A       88%         3
 Gell's Gravitas          Tloc           5%         N/A       88%         3
 Lesser Beckoning         Tloc           5%         N/A       88%         3
 Swiftness                Air            5%         N/A       88%         3
 Teleport Other           Tloc           5%         N/A       88%         3
 Corpse Rot               Necr/Pois/Air  13%        N/A       93%         4
 Death Channel            Necr           14%        N/A       99%         6
 Silence                  Hex/Air        2%         N/A       100%        5
 Simulacrum               Ice/Necr       8%         N/A       100%        6


Dungeon Overview and Level Annotations

Branches:
Dungeon (11/15)            Temple (0/1) D:6            Lair (0/5) D:9
    Orc (0/2) D:10          Sewer (visited)          Bailey (visited)
Gauntlet (1/1)

Altars:
Ashenzari
Dithmenos
Hepliaklqana
Kikubaaqudgha
Makhleb
Qazlal
Sif Muna
Trog
Vehumet
Xom

Shops:
D:6 =

Portals:
Trove: D:10 (give 2 scrolls of acquirement)

Annotations:
D:4 3 runed translucent doors, nickcage's ghost, novice MfGl; slphil's ghost, amateur HOAK
D:8 2 transporters Gauntlet 8 transporters, exclusion: orange crystal statue


Innate Abilities, Weirdness & Mutations

You have claws for hands.
You are partially covered in molten scales. (AC +2)
You sometimes gain a little power by taking damage.
You are mostly covered in sharp spines.
You are dopey. (Int -2)
[Your magical capacity is extremely low. (-30% MP)]
[You sometimes lose the ability to read scrolls when taking damage.]


Message History

Unknown command.
Unknown command.
You scratch the minotaur but do no damage.
The minotaur is heavily wounded.
The minotaur completely misses you. The minotaur misses you.
Unknown command.
Unknown command.
You barely miss the minotaur.
The minotaur is heavily wounded.
You can read scrolls again.
The minotaur completely misses you. You block the minotaur's attack.
Unknown command.
You scratch the minotaur.
Flame seeps out of the minotaur.
The minotaur is heavily wounded.
The minotaur is engulfed in blazing flames.
Flame seeps out of the minotaur.
The minotaur hits you with the +8 demon trident "Rift" {distort, reach+}!!
You feel threatened and lose the ability to read scrolls!
You block the minotaur's attack.
You are too injured to fight recklessly!
Unknown command.
Unknown command.
You feel much better.
The minotaur is engulfed in blazing flames.
Flame seeps out of the minotaur.
The minotaur hits you with the +8 demon trident "Rift" {distort, reach+}!
Space warps horribly around you!!
The minotaur gores you but does no damage.
You scratch the minotaur but do no damage.
The minotaur is severely wounded.
You block the minotaur's attack. x2
You closely miss the minotaur.
The minotaur is severely wounded.
Your primal bloodlust has ended.
You block the minotaur's attack. The minotaur gores you.
* * * LOW HITPOINT WARNING * * *
The minotaur attacks as you move away!
The minotaur hits you with the +8 demon trident "Rift" {distort, reach+}!!
You die...
Kikubaaqudgha rasps: "You have failed me!
Welcome... death!"

### ###......... ... .#
##.8.....8 ##.#
#..##≈........ ...
....##...#####
..#.#....#...#xX..
#######.#.#.©8.#...#X###
[8)8.8#...#....#...#xx#.
......H.###.©8.#.8.#©.#©
:8[8.8#@..#....#...#}...
#######.#.#.©8.#...#?#.#
#.....#.#....#...#xX..
#8..........##...#####
##.##.###..##≈........
#........####.8.....8
############§........
#§§..###### ##...#.....


You could see a minotaur (inner flame).

Vanquished Creatures
  Gastronok (D:9)
  3 two-headed ogres
  Pikel (D:9)
  Joseph (D:8)
  A gargoyle (D:11)
  2 trolls
  Prince Ribbit (D:7)
  A hornet (D:10)
  Sigmund (D:2)
  A shadow (D:9)
  2 steam dragons
  6 vampire mosquitoes
  2 neqoxecs (Gauntlet)
  Grum (D:8)
  Menkaure (D:7)
  Duvessa (D:7)
  A water moccasin (D:7)
  15 orc warriors
  A black bear (D:5)
  An ice beast (D:6)
  A sky beast (D:7)
  6 wolves
  A centaur (D:8)
  A gnoll sergeant (D:5)
  3 bullfrogs
  A scorpion (D:5)
  Dowan (D:7)
  10 wights
  4 electric eels (D:9)
  A howler monkey (D:5)
  9 hounds
  Crazy Yiuf (D:5)
  4 orc priests
  3 jellies
  3 iguanas (D:6)
  9 orc wizards
  12 adders
  15 gnolls
  6 river rats (Sewer)
  A shadow imp (D:4)
  2 white imps
  A worm (D:2)
  3 dart slugs
  34 orcs
  5 bats
  9 endoplasms
  3 giant cockroaches
  6 hobgoblins
  9 jackals
  21 kobolds
  9 quokkas
  20 ball pythons
  7 frilled lizards
  18 goblins
  35 rats
318 creatures vanquished.

Vanquished Creatures (others)
  Psyche (D:8)
  A demonic plant (Gauntlet)
  A plant (D:6)
  4 toadstools (D:3)
  5 withered plants (D:4)
12 creatures vanquished.

Grand Total: 330 creatures vanquished

Notes
Turn   | Place    | Note
-------+----------+-------------------------------------------
     0 | D:1      | siradein the Demonspawn Fighter began the quest for the
                  | Orb.
     0 | D:1      | Reached XP level 1. HP: 18/18 MP: 1/1
   336 | D:1      | Gained mutation: You are partially covered in molten
                  | scales. (AC +2) [demonic ancestry]
   336 | D:1      | Reached XP level 2. HP: 24/24 MP: 2/2
   636 | D:1      | Gained mutation: You have sharp fingernails. [demonic
                  | ancestry]
   636 | D:1      | Reached XP level 3. HP: 29/29 MP: 3/3
  1436 | D:2      | Reached skill level 4 in Fighting
  1436 | D:2      | Reached skill level 1 in Unarmed Combat
  1729 | D:2      | Found a shimmering blue altar of Sif Muna.
  1865 | D:2      | Gained mutation: You have very sharp fingernails. [demonic
                  | ancestry]
  1865 | D:2      | Reached XP level 4. HP: 37/37 MP: 4/4
  1867 | D:2      | Noticed Sigmund
  1893 | D:2      | Killed Sigmund
  1894 | D:2      | Reached skill level 5 in Fighting
  1894 | D:2      | Reached XP level 5. HP: 18/44 MP: 5/5
  2668 | D:3      | Found a faded altar of an unknown god.
  2824 | D:3      | Learned a level 2 spell: Wereblood
  2927 | D:3      | Gained mutation: You have claws for hands. [demonic
                  | ancestry]
  2927 | D:3      | Reached XP level 6. HP: 51/51 MP: 6/6
  3129 | D:4      | Learned a level 1 spell: Beastly Appendage
  3155 | D:4      | Found a broken altar of Ashenzari.
  3175 | D:4      | Found an ancient bone altar of Kikubaaqudgha.
  3176 | D:4      | Found a radiant altar of Vehumet.
  3395 | D:4      | Reached skill level 1 in Transmutations
  3417 | D:4      | Reached skill level 1 in Spellcasting
  3747 | D:4      | Found a runed translucent gate.
  3747 | D:4      | Found a runed translucent gate.
  3748 | D:4      | Found a runed translucent gate.
  3749 | D:4      | Noticed slphil's ghost (amateur HOAK)
  3749 | D:4      | Noticed nickcage's ghost (novice MfGl)
  3972 | D:4      | Became a worshipper of Kikubaaqudgha
  4121 | D:5      | Entered Level 5 of the Dungeon
  4121 | D:5      | Found a shadowy altar of Dithmenos.
  4206 | D:5      | Found a glowing drain.
  4230 | Sewer    | Entered a sewer
  4345 | Sewer    | Reached * piety under Kikubaaqudgha
  4345 | Sewer    | Received a gift from Kikubaaqudgha
  4352 | Sewer    | Learned a level 3 spell: Vampiric Draining
  4442 | Sewer    | Reached XP level 7. HP: 55/56 MP: 8/8
  4517 | Sewer    | Reached skill level 1 in Necromancy
  4523 | Sewer    | Reached skill level 1 in Dodging
  4527 | Sewer    | Reached ** piety under Kikubaaqudgha
  4794 | D:5      | Gained mutation: You sometimes gain a little power by
                  | taking damage. [demonic ancestry]
  4794 | D:5      | Reached XP level 8. HP: 39/64 MP: 11/11
  4913 | D:5      | Found a runed translucent door.
  4914 | D:5      | Noticed Crazy Yiuf
  5154 | D:5      | Reached skill level 6 in Fighting
  5275 | D:5      | Learned a level 4 spell: Anguish
  5504 | D:5      | Killed Crazy Yiuf
  5945 | D:6      | Found a staircase to the Ecumenical Temple.
  6001 | D:6      | Reached *** piety under Kikubaaqudgha
  6001 | D:6      | Received a gift from Kikubaaqudgha
  6010 | D:6      | Gained mutation: You are partially covered in sharp spines.
                  | [demonic ancestry]
  6010 | D:6      | Reached XP level 9. HP: 71/71 MP: 13/13
  6015 | D:6      | Learned a level 4 spell: Dispel Undead
  6016 | D:6      | Found a hazy altar of Hepliaklqana.
  6131 | D:6      | Found a bloodstained altar of Trog.
  6374 | D:6      | Found Kedoav's Jewellery Shop.
  6416 | D:7      | Noticed Prince Ribbit
  6423 | D:7      | Killed Prince Ribbit
  6424 | D:7      | Reached skill level 5 in Unarmed Combat
  6574 | D:7      | Reached skill level 7 in Fighting
  6705 | D:7      | Noticed Menkaure
  6713 | D:7      | Killed Menkaure
  6802 | D:7      | Found a stormy altar of Qazlal.
  6837 | D:7      | Noticed Duvessa
  6837 | D:7      | Noticed Dowan
  6846 | D:7      | Killed Duvessa
  6854 | D:7      | Killed Dowan
  7064 | D:7      | Found a shimmering altar of Xom.
  7280 | D:8      | Reached skill level 5 in Armour
  7311 | D:8      | Noticed Psyche
  7388 | D:8      | Noticed Joseph
  7391 | D:8      | Killed Psyche
  7392 | D:8      | Reached XP level 10. HP: 36/79 MP: 16/16
  7404 | D:8      | Killed Joseph
  7547 | D:8      | Found a transporter.
  7547 | D:8      | Found a transporter.
  7548 | D:8      | Noticed a white ugly thing
  7584 | D:8      | Noticed Grum
  7591 | D:8      | Noticed a two-headed ogre
  7596 | D:8      | Killed Grum
  7598 | D:8      | Reached skill level 5 in Necromancy
  7606 | D:8      | Killed a two-headed ogre
  7838 | D:8      | Noticed a manticore
  7855 | D:8      | Noticed a centaur warrior
  7931 | D:8      | You fall into a shaft and drop 1 floor!
  8005 | D:9      | Noticed Pikel
  8007 | D:9      | Paralysed by Pikel for 5 turns
  8027 | D:9      | Killed Pikel
  8028 | D:9      | Reached skill level 5 in Spellcasting
  8062 | D:9      | Identified the ring of Cetok {Ice *Corrode rN+ Dex+4}
  8071 | D:9      | Found a flagged portal.
  8075 | D:9      | Noticed a two-headed ogre
  8085 | D:9      | Killed a two-headed ogre
  8086 | D:9      | Reached skill level 5 in Transmutations
  8094 | Bailey   | Entered a bailey
  8129 | Bailey   | Reached **** piety under Kikubaaqudgha
  8203 | Bailey   | Reached skill level 5 in Dodging
  8206 | Bailey   | Reached skill level 8 in Fighting
  8524 | D:9      | Gained mutation: You are mostly covered in sharp spines.
                  | [demonic ancestry]
  8524 | D:9      | Reached XP level 11. HP: 22/86 MP: 17/19
  8713 | D:9      | Noticed Gastronok
  8782 | D:6      | Bought a ring of the Octopus King {Wiz HP+2 AC+2 EV+2 SH+2}
                  | for 664 gold pieces
  8782 | D:6      | Found the ring of the Octopus King {Wiz HP+2 AC+2 EV+2
                  | SH+2}
  9306 | D:9      | Found a staircase to the Lair.
  9732 | D:9      | Killed Gastronok
 10058 | D:10     | Entered Level 10 of the Dungeon
 10072 | D:10     | Identified the +0 leather armour of the Bard {Stlth+}
 10111 | D:10     | Found a portal to a secret trove of treasure.
 10209 | D:10     | Reached ***** piety under Kikubaaqudgha
 10363 | D:10     | Found a staircase to the Orcish Mines.
 10459 | D:10     | Found a burning altar of Makhleb.
 10597 | D:11     | Upgraded the game from 0.29-a0-1065-g47a6bb87d6 to
                  | 0.30-a0-2-gf48d83f5e2
 10705 | D:11     | Found a gate leading to a gauntlet.
 10707 | D:11     | Noticed a two-headed ogre
 10722 | D:11     | Killed a two-headed ogre
 10724 | Gauntlet | Entered a Gauntlet
 10724 | Gauntlet | Found a transporter.
 10743 | Gauntlet | Found a transporter.
 10744 | Gauntlet | Noticed a hell hog
 10759 | Gauntlet | Found a transporter.
 10763 | Gauntlet | Found a transporter.
 10773 | Gauntlet | Noticed a large abomination
 10775 | Gauntlet | Found a transporter.
 10776 | Gauntlet | Noticed a large abomination
 10793 | Gauntlet | Found a transporter.
 10794 | Gauntlet | Noticed a thrashing horror
 10796 | Gauntlet | Found a transporter.
 10799 | Gauntlet | Noticed a thrashing horror
 10800 | Gauntlet | Found a transporter.
 10800 | Gauntlet | Noticed a thrashing horror
 10825 | Gauntlet | Noticed a wretched star
 10829 | Gauntlet | Found the ring of the Mage {Wiz Archmagi}
 10830 | Gauntlet | Found a transporter.
 10830 | Gauntlet | Found a transporter.
 10832 | Gauntlet | Noticed a thrashing horror
 10833 | Gauntlet | Noticed an orange crystal statue
 10838 | Gauntlet | Found a transporter.
 10838 | Gauntlet | Found the +3 pair of mountain boots {steadfast, rC+}
 10877 | Gauntlet | Found a transporter.
 11014 | Gauntlet | Identified the ring "Wubog" {Contam rF- Str+4 Int+6 Dex+9}
 11025 | Gauntlet | Gained mutation: You are dopey. (Int -2) [a neqoxec]
 11043 | Gauntlet | Identified the +5 shortbow of Qafe {flame, rF- Str+4 Int+5}
 11043 | Gauntlet | Identified the amulet of Roug {Faith rF+ rN++}
 11043 | Gauntlet | Noticed a minotaur
 11069 | Gauntlet | Slain by a minotaur

Illustrated notes

Levels and vault maps discovered:
D:1:      shiori_arrival_oz, layout_loops_ring, minivault_4,
          minmay_misc_feat_hallway
D:2:      layout_loops_corners, basic_altar, uniq_sigmund
D:3:      layout_loops_cross, basic_ecumenical_altar, minmay_strange_pillars,
          minmay_gold_behind_fungi
D:4:      layout_loops_ring, grunt_temple_overflow_open,
          gammafunk_ghost_cemetery, amcnicky_mini_pool_small
D:5:      layout_basic, grunt_dithmenos_smoke_and_mirrors, portal_sewer_entry_b,
          st_stairs_8, serial_bayou_ford_a, minmay_fractal_squares_gapless_5,
          uniq_crazy_yiuf_cottage
D:6:      layout_cave_pools, nicolae_hepliaklqana_hazy_memory,
          trog_butcher_becter, minmay_temple_entry_statues, serial_shops,
          kennysheep_mini_moat, corexii_checkpoint_b
D:7:      layout_loops_ring, lemuel_doored_altar, mainiacjoe_overflow_24_doors,
          uniq_menkaure, uniq_duvessa, uniq_prince_ribbit1
D:8:      gammafunk_the_bubble [the_bubble_gammafunk_crates], layout_rooms,
          minmay_misc_feat_secret_circle, uniq_joseph, uniq_psyche, uniq_grum
D:9:      layout_stronghold, elyvilon_altar_4, erik_lair_island, enter_bailey_5,
          uniq_gastronok, uniq_pikel
D:10:     layout_rooms, bloody_makhleb, david_orc_3,
          nicolae_trove_entry_diagonal, kennysheep_path_1
D:11:     layout_basic, gauntlet_entry_generic, chequers_avenue
Gauntlet: minmay_gauntlet_mixed_oops_all_seconds
          [minmay_gauntlet_arena_77_checkered,
          nicolae_gauntlet_arena_flowing_pool,
          minmay_gauntlet_arena_77_two_paths, gammafunk_gauntlet_arena_teeth,
          minmay_gauntlet_arena_77_broken_ladder, nicolae_gauntlet_swirl,
          nicolae_gauntlet_exit_dead_adventurers]

Skill      XL: |  1  2  3  4  5  6  7  8  9 10 11 |
---------------+----------------------------------+-----
Maces & Flails | 2 |  2.5
Fighting       | 4 5 6 7 8 |  8.5
Unarmed Combat | 1 2 3 4 5 6 |  6.7
Transmutations | 1 2 3 4 5 |  5.8
Spellcasting   | 1 2 3 4 5 |  5.9
Necromancy     | 2 3 4 6 |  6.8
Dodging        | 1 2 4 5 |  5.6
Armour         | 3 4 5 6 |  6.4
Shields        | 3 4 |  4.2

Action                   |  1- 3 |  4- 6 |  7- 9 | 10-12 || total
-------------------------+-------+-------+-------+-------++-------
Melee: Flail             |    79 |       |       |       ||    79
       Unarmed           |   101 |   241 |   345 |   247 ||   934
       Kick              |       |       |    20 |    51 ||    71
       Headbutt          |       |       |    12 |    28 ||    40
 Cast: Beastly Appendage |       |       |    11 |    15 ||    26
       Wereblood         |       |       |     6 |    15 ||    21
       Vampiric Draining |       |       |     2 |    16 ||    18
Evoke: Wand              |       |       |       |    10 ||    10
       Tin of tremorston |       |       |       |     2 ||     2
  Use: Potion            |       |     3 |       |     4 ||     7
       Scroll            |       |     3 |     2 |     1 ||     6
Armor: Scale mail        |    94 |    94 |   119 |    34 ||   341
       Steam dragon scal |       |       |    15 |    33 ||    48
       Plate armour      |       |       |       |    29 ||    29
Dodge: Dodged            |    69 |   156 |   295 |   191 ||   711
Block: Buckler           |    27 |    45 |   110 |    69 ||   251
       Kite shield       |       |       |       |    29 ||    29

Table legend: (Time is in decaauts)
 A = Elapsed time spent in this place.
 B = Non-inter-level travel time spent in this place.
 C = Inter-level travel time spent in this place.
 D = Time resting spent in this place.
 E = Time spent auto-exploring this place.
 F = Levels seen in this place.
 G = Mean time per level.
                   A        B        C        D        E       F      G
               +--------+--------+--------+--------+--------+-----+--------+
         Total |  11129 |  10406 |    723 |    398 |   7334 |  14 |  794.9 |
       Dungeon |  10050 |   9327 |    723 |    398 |   6883 |  11 |  913.6 |
         Sewer |    363 |    363 |      0 |      0 |    155 |   1 |  363.0 |
        Bailey |    369 |    369 |      0 |      0 |    145 |   1 |  369.0 |
      Gauntlet |    345 |    345 |      0 |      0 |    150 |   1 |  345.0 |
               +--------+--------+--------+--------+--------+-----+--------+

Top non-repeatable levels by time:
     D:5: 1437 daAuts
     D:9: 1328 daAuts
     D:1: 1317 daAuts
     D:2: 1168 daAuts
     D:7: 1101 daAuts
     D:4: 1001 daAuts
     D:8: 771 daAuts
     D:3: 660 daAuts
     D:6: 599 daAuts
    D:10: 534 daAuts
  Bailey: 369 daAuts
   Sewer: 363 daAuts
Gauntlet: 345 daAuts
    D:11: 128 daAuts
